 Dungeon Crawl Stone Soup version 0.29.1-1-gd02db6906a (webtiles) character file.

Game seed: 10308909732244516449

397 CertainDeath the Ruffian (level 6, -4/59 HPs)
             Began as a Troll Transmuter on Sept 18, 2022.
             Killed from afar by Dowan (8 damage)
             ... with a puff of frost
             ... on level 5 of the Dungeon.
             The game lasted 00:07:27 (2691 turns).

CertainDeath the Ruffian (Troll Transmuter)         Turns: 2691, Time: 00:07:27

Health: -4/59      AC:  4    Str: 21    XL:     6   Next: 53%
Magic:  7/8        EV: 10    Int:  9    God:
Gold:   206        SH:  0    Dex: 10    Spells: 6/9 levels left

rFire   . . .      SeeInvis .     - Unarmed
rCold   . . .      Faith    .   (no shield)
rNeg    . . .      Spirit   .   a - +0 robe
rPois   .          Reflect  .   (helmet currently unavailable)
rElec   .          Harm     .   (no cloak)
rCorr   .          Rampage  .   (gloves unavailable)
Will    .....                   (boots unavailable)
Stlth   +.........              (no amulet)
HPRegen 0.99/turn               m - ring of flight
MPRegen 0.11/turn               (no ring)

@: appendages, flying
A: horns 2, talons 2, large, unfitting armour, claws 3, regeneration 1, shaggy
fur 1, tough skin 1
a: End Transformation


You were on level 5 of the Dungeon.
You had temporarily grown beastly horns and talons.
You visited 1 branch of the dungeon, and saw 5 of its levels.

You collected 206 gold pieces.

Inventory:

Missiles
 g - 3 javelins
 j - 12 poisoned darts
Armour
 a - a +0 robe (worn)
Jewellery
 m - a ring of flight (left claw)
Wands
 h - a wand of polymorph (13)
Scrolls
 c - a scroll of blinking
 f - a scroll of poison
Potions
 b - 2 potions of lignification
 d - 4 potions of curing
 e - 3 potions of mutation
 i - 2 potions of magic
 k - 2 potions of might
 l - 2 potions of flight


   Skills:
 + Level 2.4 Fighting
 + Level 2.9 Dodging
 + Level 4.2 Unarmed Combat
 + Level 2.2 Spellcasting
 + Level 2.6 Transmutations


You had 6 spell levels left.
You knew the following spells:

 Your Spells              Type           Power      Damage    Failure   Level
a - Beastly Appendage     Tmut           10%        N/A       12%         1
b - Wereblood             Tmut           5%         N/A       17%         2

Your spell library contained the following spells:

 Spells                   Type           Power      Damage    Failure   Level
 Spider Form              Tmut/Pois      3%         N/A       50%         3
 Confusing Touch          Hex            1%         N/A       69%         3
 Ice Form                 Ice/Tmut       3%         N/A       88%         4
 Yara's Violent Unravell  Hex/Tmut       1%         3d3       99%         5
 Enfeeble                 Hex            0%         N/A       100%        7


Dungeon Overview and Level Annotations

Branches:
Dungeon (5/15)
 Temple: D:4-7

Altars:
Okawaru

Annotations:
D:5 Dowan, Duvessa


Innate Abilities, Weirdness & Mutations

You have temporarily grown beastly horns and talons.
You are too large for most types of armour.
You have claws for hands.
Your natural rate of healing is unusually fast.
You are covered in fur. (AC +1)
You have tough skin. (AC +1)


Message History

Dowan hits you with a +0 dagger.
The bullfrog hits you but does no damage.
You barely miss Dowan.
Dowan is heavily wounded.
Dowan hits you with a +0 dagger! The bullfrog barely misses you.
You closely miss Dowan.
Dowan is heavily wounded.
The bullfrog hits you! Dowan hits you with a +0 dagger.
You miss Dowan.
Dowan is heavily wounded.
The bullfrog hits you. Dowan misses you.
You scratch Dowan.
Dowan is severely wounded.
The bullfrog hits you but does no damage.
The bullfrog hits you.
* * * LOW HITPOINT WARNING * * *
Dowan closely misses you.
You closely miss Dowan.
Dowan is severely wounded.
The bullfrog misses you. Dowan closely misses you.
You closely miss Dowan.
Dowan is severely wounded.
The bullfrog hits you!
* * * LOW HITPOINT WARNING * * *
The bullfrog closely misses you. Dowan closely misses you.
Casting: Wereblood (safe; 17% risk of failure)
Confirm with . or Enter, or press ? or * to list all spells.
You grow a pair of large bovine horns.
Your feet morph into talons.
The bullfrog hits you but does no damage.
Dowan hits you with a +0 dagger.
* * * LOW HITPOINT WARNING * * *
You closely miss Dowan. Your kick misses Dowan. Your headbutt misses Dowan.
Dowan is severely wounded.
The bullfrog hits you.
* * * LOW HITPOINT WARNING * * *
The bullfrog barely misses you.
Dowan smirks and points a slender finger.
Dowan gestures at you while chanting. The puff of frost hits you!
You die...

#####... ...
#.#..... ....
.#......###..##
..............#
............!..
...............
#.(.Fe.......
#..@.......
...............
.....##........
##.. #........
..! #........
.. #....##.. .
##.### . ..


You could see Dowan (strong) and a bullfrog.

Vanquished Creatures
  A bullfrog (D:4)
  A scorpion (D:5)
  A howler monkey (D:5)
  A hound (D:4)
  An orc wizard (D:4)
  8 adders
  2 worms (D:2)
  A dart slug (D:3)
  10 orcs (D:4)
  8 bats
  5 endoplasms
  2 giant cockroaches
  8 goblins
  7 hobgoblins
  9 jackals
  5 kobolds
  6 quokkas
  8 ball pythons
  4 frilled lizards
  7 rats
95 creatures vanquished.

Vanquished Creatures (others)
  4 toadstools (D:1)
4 creatures vanquished.

Grand Total: 99 creatures vanquished

Notes
Turn   | Place    | Note
-------+----------+-------------------------------------------
     0 | D:1      | CertainDeath the Troll Transmuter began the quest for the
                  | Orb.
     0 | D:1      | Reached XP level 1. HP: 18/18 MP: 1/1
    26 | D:1      | Reached skill level 1 in Fighting
    43 | D:1      | Reached XP level 2. HP: 27/27 MP: 3/3
   156 | D:1      | Reached XP level 3. HP: 33/33 MP: 4/4
   305 | D:1      | Found a faded altar of an unknown god.
   964 | D:2      | Reached XP level 4. HP: 30/41 MP: 2/5
  1075 | D:2      | Learned a level 2 spell: Wereblood
  1732 | D:3      | Reached XP level 5. HP: 49/49 MP: 4/6
  2008 | D:5      | Entered Level 5 of the Dungeon
  2008 | D:5      | Noticed Duvessa
  2008 | D:5      | Noticed Dowan
  2126 | D:5      | Noticed a water moccasin
  2128 | D:5      | Reached skill level 4 in Unarmed Combat
  2128 | D:5      | Reached XP level 6. HP: 47/57 MP: 6/8
  2339 | D:4      | Found an iron altar of Okawaru.
  2691 | D:5      | Killed from afar by Dowan

Illustrated notes

Levels and vault maps discovered:
D:1:      ldierk_water_garden, layout_loops_ring,
          hellmonk_ecumenical_altar_blasted
D:2:      layout_rooms, chequers_decorated_corner, minmay_tromino_i2
D:3:      layout_rooms
D:4:      layout_basic, kennysheep_okawaru_gauntlet
D:5:      layout_cave_pools, minmay_temple_entry_mini_moons, serial_shops, shop,
          minmay_stone_trees_small, uniq_duvessa

Skill      XL: |  1  2  3  4  5 |
---------------+----------------+-----
Fighting       | 1 2 |  2.4
Dodging        | 2 |  2.9
Transmutations | 2 |  2.6
Spellcasting   | 2 |  2.2
Unarmed Combat | 4 |  4.2

Action                   |  1- 3 |  4- 6 || total
-------------------------+-------+-------++-------
Melee: Unarmed           |    82 |   177 ||   259
       Headbutt          |     4 |     4 ||     8
       Kick              |     2 |     9 ||    11
       Punch             |       |     2 ||     2
 Cast: Beastly Appendage |     4 |     8 ||    12
       Wereblood         |       |     2 ||     2
  Use: Scroll            |       |     9 ||     9
 Stab: Distracted        |       |     1 ||     1
       Sleeping          |       |     1 ||     1
Armor: Robe              |    30 |    74 ||   104
Dodge: Dodged            |    46 |   127 ||   173
